WCHLSIM.com - West Coast Hockey League
html PUBLIC "-//W3C//DTD XHTML 1.0 Transitional//EN" "http://www.w3.org/TR/xhtml1/DTD/xhtml1-transitional.dtd"> WCHL - Game 708 - PORTLAND PIRATES vs SEATTLE GRUNGE

PORTLAND PIRATES vs SEATTLE GRUNGE

Created - 23 janvier 2020 at 17:29

Goals
1 2 3 OT1 T
PORTLAND PIRATES 2 1 3 1 7
SEATTLE GRUNGE 1 3 2 0 6
Shots
1 2 3 OT1 T
PORTLAND PIRATES 9 13 10 1 33
SEATTLE GRUNGE 7 11 6 0 24

1st period

1. SEATTLE GRUNGE , Oskar Sundqvist 5 (Travis Sanheim 6) at 2:12
2. PORTLAND PIRATES , Jason Dickinson 3 (Alex Chiasson 6, Thomas Chabot 22) at 2:24
3. PORTLAND PIRATES , Rasmus Ristolainen 5 (Jonathan Toews 34, Travis Konecny 10) at 9:06

Penalties :
No Penalty

2nd period

4. SEATTLE GRUNGE , Jeff Skinner 23 (Josh Bailey 16) at 14:01 (PP)
5. PORTLAND PIRATES , Travis Konecny 7 (Jonathan Toews 35) at 16:16 (PP)
6. SEATTLE GRUNGE , Tyler Seguin 30 (Matthew Grzelcyk 2) at 17:26
7. SEATTLE GRUNGE , Michael Frolik 8 (Seth Jones 17, Roman Josi 28) at 19:10 (PP)

Penalties :
Aaron Ness (POR) for Roughing (Minor) at 13:28, Steve Bernier (SEA) for Tripping (Minor) at 15:18, Rasmus Ristolainen (POR) for Interference (Minor) at 17:53

3rd period

8. PORTLAND PIRATES , Travis Konecny 8 (Jonathan Toews 36, Rickard Rakell 13) at 2:05
9. PORTLAND PIRATES , Eric Staal 17 (Thomas Chabot 23) at 2:48
10. SEATTLE GRUNGE , Brandon Saad 12 (Chris Tierney 18, Michael Frolik 16) at 5:48
11. SEATTLE GRUNGE , Oskar Sundqvist 6 (Vladimir Sobotka 7, Travis Sanheim 7) at 10:50
12. PORTLAND PIRATES , Jonathan Toews 27 (Rickard Rakell 14) at 13:24

Penalties :
Seth Jones (SEA) for Tripping (Minor) at 15:09

Overtime #1

13. PORTLAND PIRATES , Thomas Chabot 2 (Jonathan Toews 37, Eric Staal 22) at 0:35

Penalties :
No Penalty

Goalie Stats

Henrik Lundqvist (POR), 18 saves from 24 shots - (0,750), W, 21-10-2, 60:36 minutes
Carter Hutton (SEA), 26 saves from 33 shots - (0,788), OTL, 7-4-2, 60:36 minutes

Players Stats for PORTLAND PIRATES

Player Name              G  A  P  +/- PIM S  H  SB GA TA FO     MP     PP MP  PK MP  
------------------------------------------------------------------------------------
Aaron Ness               0  0  0   0  2   0  0  0  0  0  0/0    17:45   0:00   0:00 
Alex Chiasson            0  1  1   0  0   1  1  0  0  0  1/2    21:25   1:23   0:00 
Brett Connolly           0  0  0  -1  0   5  2  0  0  0  0/1    16:33   1:56   0:00 
Brian Dumoulin           0  0  0   0  0   0  2  0  0  0  0/0    20:31   0:04   0:56 
Colin Markison           0  0  0   0  0   0  0  0  0  0  0/0     0:00   0:00   0:00 
Eric Staal               1  1  2   1  0   7  1  0  0  0  12/21  19:41   1:45   0:10 
Erik Burgdoerfer         0  0  0  -1  0   0  1  0  0  0  0/0    15:45   0:00   0:54 
Jason Dickinson          1  0  1   1  0   4  0  0  0  0  4/8     7:05   0:00   1:40 
Jonathan Toews           1  4  5   2  0   4  0  0  0  0  15/21  19:49   1:12   0:00 
Mike Hoffman             0  0  0   0  0   0  0  0  0  0  0/0    18:22   1:12   0:00 
Pavel Zacha              0  0  0  -1  0   1  0  0  0  0  13/20  15:56   1:19   0:00 
Rasmus Ristolainen       1  0  1   2  2   2  1  0  0  0  0/0    22:09   1:19   0:00 
Rickard Rakell           0  2  2   1  0   1  0  0  0  0  1/3    19:46   1:45   0:00 
Thomas Chabot            1  2  3   3  0   1  0  0  0  0  0/0    25:42   1:38   0:52 
Travis Hamonic           0  0  0  -1  0   0  0  1  0  0  0/0    15:49   0:00   0:58 
Travis Konecny           2  1  3   1  0   7  0  0  0  0  0/1    19:13   1:12   0:00 
William Carrier          0  0  0   1  0   0  0  0  0  0  0/0     5:35   0:00   0:10 
Yanni Gourde             0  0  0   0  0   0  2  0  0  0  0/1    18:50   0:00   1:40 

Players Stats for SEATTLE GRUNGE

Player Name              G  A  P  +/- PIM S  H  SB GA TA FO     MP     PP MP  PK MP  
------------------------------------------------------------------------------------
Brandon Saad             1  0  1  -2  0   2  0  0  0  0  0/0    12:32   0:00   0:00 
Chris Tierney            0  1  1  -3  0   1  0  0  0  0  9/22   14:04   0:18   0:38 
Damon Severson           0  0  0   0  0   0  1  1  0  0  0/0    20:55   1:22   1:00 
Jeff Skinner             1  0  1   1  0   2  0  2  0  0  0/1    17:28   1:32   2:19 
Josh Bailey              0  1  1   1  0   0  0  0  0  0  0/0    15:47   1:32   0:38 
Matthew Grzelcyk         0  1  1   1  0   0  0  1  0  0  0/0    17:16   0:00   0:00 
Michael Frolik           1  1  2  -2  0   2  0  2  0  0  0/4    15:09   0:18   2:19 
Mike Sgarbossa           0  0  0  -2  0   1  1  0  0  0  0/2    14:54   0:00   0:00 
Oskar Sundqvist          2  0  2   1  0   6  0  0  0  0  9/14   15:04   0:18   0:00 
Rasmus Dahlin            0  0  0   0  0   0  2  2  0  0  0/0    20:55   1:22   1:00 
Roman Josi               0  1  1  -3  0   4  1  0  0  0  0/0    22:25   0:28   1:57 
Seth Jones               0  1  1  -2  2   3  1  0  0  0  0/0    19:51   0:28   0:00 
Steve Bernier            0  0  0   1  2   0  0  0  0  0  1/1    14:45   0:00   0:00 
Travis Sanheim           0  2  2   1  0   0  1  3  0  0  0/0    19:13   0:00   1:57 
Tyler Seguin             1  0  1   1  0   2  2  0  0  0  8/18   15:09   1:32   0:00 
Victor Rask              0  0  0  -1  0   0  0  0  0  0  0/0    14:18   0:00   0:00 
Vladimir Sobotka         0  1  1   1  0   1  0  0  0  0  0/0    14:46   0:00   0:00 
Zemgus Girgensons        0  0  0  -1  0   0  1  1  0  0  5/16   14:18   0:00   0:00 

3 Stars

1 - Jonathan Toews (POR)
2 - Thomas Chabot (POR)
3 - Travis Konecny (POR)

Power Play

PORTLAND PIRATES - 1 on 2 Attempt(s) - 50,00%
SEATTLE GRUNGE - 2 on 2 Attempt(s) - 100,00%

Penalty Kill

PORTLAND PIRATES - 0 on 2 Attempt(s) - 0,00% - Score 0 goal in Penalty Kill
SEATTLE GRUNGE - 1 on 2 Attempt(s) - 50,00% - Score 0 goal in Penalty Kill

Team Stat

PORTLAND PIRATES - Hits : 10 - Faceoff Wins : 46 - Blocked Shots : 1 - Penalty Minutes : 4
SEATTLE GRUNGE - Hits : 10 - Faceoff Wins : 32 - Blocked Shots : 12 - Penalty Minutes : 4

Official

Referees : Kelly Sutherland and Jon McIsaac
Linesman : Cory Piche and Landon Bathe

Game Notes

No Game Note

Finance

Level 1 -- Attendance: 6000 (100,00%) -- Ticket Income 630 000 $
Level 2 -- Attendance: 5000 (100,00%) -- Ticket Income 325 000 $
Level 3 -- Attendance: 2787 (92,90%) -- Ticket Income 100 332 $
Level 4 -- Attendance: 5000 (100,00%) -- Ticket Income 125 000 $
Luxury Box -- Attendance: 981 (98,10%) -- Ticket Income 198 162 $
Total Attendance: 19768 (98,84%)
Total Ticket Income: 1 378 494 $
Other Income: 413 548 $
Total Income: 1 792 042 $

PORTLAND PIRATES

5 vs 5 Forward 
   Center                   Left Wing                Right Wing               Time % Phy DF OF 
 1 Jonathan Toews           Rickard Rakell           Travis Konecny           32     0   1  4  
 2 Eric Staal               Yanni Gourde             Mike Hoffman             30     0   1  4  
 3 Pavel Zacha              Brett Connolly           Alex Chiasson            30     0   2  3  
 4 Jason Dickinson          William Carrier          Alex Chiasson            8      1   2  2  

5 vs 5 Defense 
   Defense                  Defense                                           Time % Phy DF OF 
 1 Brian Dumoulin           Thomas Chabot                                     36     0   4  1  
 2 Rasmus Ristolainen       Aaron Ness                                        32     0   4  1  
 3 Travis Hamonic           Erik Burgdoerfer                                  26     0   4  1  
 4 Thomas Chabot            Rasmus Ristolainen                                6      0   3  2  

PowerPlay Forward 
   Center                   Left Wing                Right Wing               Time % Phy DF OF 
 1 Jonathan Toews           Mike Hoffman             Travis Konecny           60     0   1  4  
 2 Eric Staal               Brett Connolly           Rickard Rakell           40     0   1  4  

PowerPlay Defense
   Defense                  Defense                                           Time % Phy DF OF 
 1 Thomas Chabot            Brett Connolly                                    60     0   1  4  
 2 Rasmus Ristolainen       Pavel Zacha                                       40     0   1  4  

Penalty Kill 4 Players Forward 
   Center                   Wing                     Time % Phy DF OF 
 1 Jason Dickinson          Yanni Gourde             60     0   5  0  
 2 Eric Staal               William Carrier          40     0   5  0  

Penalty Kill 4 Players Defense
   Defense                  Defense                  Time % Phy DF OF 
 1 Brian Dumoulin           Travis Hamonic           60     0   5  0  
 2 Thomas Chabot            Erik Burgdoerfer         40     0   5  0  

Penalty Kill - 3 Players Forward 
   Forward                                           Time % Phy DF OF 
 1 Yanni Gourde                                      60     0   5  0  
 2 Rickard Rakell                                    40     0   5  0  

Penalty Kill - 3 Players Defense
   Defense                  Defense                  Time % Phy DF OF 
 1 Brian Dumoulin           Travis Hamonic           60     0   5  0  
 2 Rasmus Ristolainen       Erik Burgdoerfer         40     0   5  0  

4 vs 4 Forward 
   Center                   Wing                     Time % Phy DF OF 
 1 Rickard Rakell           Mike Hoffman             60     0   2  3  
 2 Pavel Zacha              Travis Konecny           40     0   2  3  

4 vs 4 Defense
   Defense                  Defense                  Time % Phy DF OF 
 1 Thomas Chabot            Rasmus Ristolainen       60     0   2  3  
 2 Brian Dumoulin           Aaron Ness               40     0   3  2  

Last Minutes Offensive
   Center                   Left Wing                Right Wing               Defense                  Defense                  
   Jonathan Toews           Travis Konecny           Mike Hoffman             Thomas Chabot            Rasmus Ristolainen       

Last Minutes Defensive
   Center                   Left Wing                Right Wing               Defense                  Defense                  
   Eric Staal               William Carrier          Yanni Gourde             Brian Dumoulin           Rasmus Ristolainen       

Goaltenders
Starting : Henrik Lundqvist         
Backup : Andrew Shortridge        

Extra Forwards
Normal : Alex Chiasson, Pavel Zacha, Jason Dickinson - PP : Alex Chiasson, Yanni Gourde - PK : Jason Dickinson
Extra Defensemen
Normal : Aaron Ness, Erik Burgdoerfer, Brian Dumoulin - PP : Brian Dumoulin - PK : Aaron Ness, Thomas Chabot
Penalty Shots
Jonathan Toews, Eric Staal, Mike Hoffman, Alex Chiasson, Travis Konecny
Custom OT Lines Forwards
Jonathan Toews, Eric Staal, Travis Konecny, Mike Hoffman, Rickard Rakell, Yanni Gourde, Alex Chiasson, Pavel Zacha, Brett Connolly, Jason Dickinson
Custom OT Lines Defensemen
Thomas Chabot, Rasmus Ristolainen, Brian Dumoulin, Travis Hamonic, Aaron Ness

Scratches
Brett Pesce (Torn Right Knee Ligaments Injury), Zach Nastasiuk (Healthy), Alec Martinez (Strained Right Knee Injury), Gabriel Landeskog (Lacerated Left Calf Injury), Cam Ward (Sprained Left Ankle Injury)

SEATTLE GRUNGE

5 vs 5 Forward 
   Center                   Left Wing                Right Wing               Time % Phy DF OF 
 1 Tyler Seguin             Jeff Skinner             Josh Bailey              25     1   2  2  
 2 Chris Tierney            Brandon Saad             Michael Frolik           25     1   2  2  
 3 Oskar Sundqvist          Vladimir Sobotka         Steve Bernier            25     1   2  2  
 4 Zemgus Girgensons        Mike Sgarbossa           Victor Rask              25     1   2  2  

5 vs 5 Defense 
   Defense                  Defense                                           Time % Phy DF OF 
 1 Roman Josi               Seth Jones                                        34     1   2  2  
 2 Damon Severson           Rasmus Dahlin                                     33     1   2  2  
 3 Travis Sanheim           Matthew Grzelcyk                                  33     1   2  2  
 4 Roman Josi               Seth Jones                                        0      1   2  2  

PowerPlay Forward 
   Center                   Left Wing                Right Wing               Time % Phy DF OF 
 1 Tyler Seguin             Jeff Skinner             Josh Bailey              55     1   2  2  
 2 Chris Tierney            Oskar Sundqvist          Michael Frolik           45     1   2  2  

PowerPlay Defense
   Defense                  Defense                                           Time % Phy DF OF 
 1 Roman Josi               Seth Jones                                        55     1   2  2  
 2 Damon Severson           Rasmus Dahlin                                     45     1   2  2  

Penalty Kill 4 Players Forward 
   Center                   Wing                     Time % Phy DF OF 
 1 Michael Frolik           Jeff Skinner             55     1   2  2  
 2 Chris Tierney            Josh Bailey              45     1   2  2  

Penalty Kill 4 Players Defense
   Defense                  Defense                  Time % Phy DF OF 
 1 Roman Josi               Travis Sanheim           55     1   2  2  
 2 Damon Severson           Rasmus Dahlin            45     1   2  2  

Penalty Kill - 3 Players Forward 
   Forward                                           Time % Phy DF OF 
 1 Josh Bailey                                       55     1   2  2  
 2 Chris Tierney                                     45     1   2  2  

Penalty Kill - 3 Players Defense
   Defense                  Defense                  Time % Phy DF OF 
 1 Roman Josi               Seth Jones               55     1   2  2  
 2 Damon Severson           Rasmus Dahlin            45     1   2  2  

4 vs 4 Forward 
   Center                   Wing                     Time % Phy DF OF 
 1 Tyler Seguin             Michael Frolik           55     1   2  2  
 2 Chris Tierney            Josh Bailey              45     1   2  2  

4 vs 4 Defense
   Defense                  Defense                  Time % Phy DF OF 
 1 Roman Josi               Seth Jones               55     1   2  2  
 2 Damon Severson           Rasmus Dahlin            45     1   2  2  

Last Minutes Offensive
   Center                   Left Wing                Right Wing               Defense                  Defense                  
   Tyler Seguin             Jeff Skinner             Josh Bailey              Roman Josi               Seth Jones               

Last Minutes Defensive
   Center                   Left Wing                Right Wing               Defense                  Defense                  
   Tyler Seguin             Jeff Skinner             Josh Bailey              Roman Josi               Seth Jones               

Goaltenders
Starting : Carter Hutton            
Backup : Chad Johnson             

Extra Forwards
Normal : Mike Sgarbossa, Victor Rask, Oskar Sundqvist - PP : Mike Sgarbossa, Victor Rask - PK : Oskar Sundqvist
Extra Defensemen
Normal : Travis Sanheim, Seth Jones, Damon Severson - PP : Travis Sanheim - PK : Roman Josi, Damon Severson
Penalty Shots
Oskar Sundqvist, Victor Rask, Chris Tierney, Josh Bailey, Michael Frolik
Custom OT Lines Forwards
Victor Rask, Mike Sgarbossa, Chris Tierney, Josh Bailey, Tyler Seguin, Michael Frolik, Oskar Sundqvist, Vladimir Sobotka, Zemgus Girgensons, Steve Bernier
Custom OT Lines Defensemen
Roman Josi, Seth Jones, Damon Severson, Rasmus Dahlin, Travis Sanheim

Scratches
Yannick Weber (Healthy), J.T. Brown (Healthy), Semyon Varlamov (Healthy)

% Time on Ice - PORTLAND PIRATES

Lines # - Real PCT - Wanted PCT - Time Play
Normal Forward
1 - 33% - 32% - 18:01
2 - 31% - 30% - 17:10
3 - 26% - 30% - 14:37
4 - 10% - 8% - 5:25
Normal Defense
1 - 35% - 36% - 19:31
2 - 32% - 32% - 17:46
3 - 27% - 26% - 14:51
4 - 6% - 6% - 3:05
PP Forward
1 - 41% - 60% - 1:12
2 - 59% - 40% - 1:45
PP Defense
1 - 55% - 60% - 1:38
2 - 45% - 40% - 1:19
PK Forward
1 - 91% - 60% - 1:40
2 - 9% - 40% - 0:10
PK Defense
1 - 53% - 60% - 0:58
2 - 47% - 40% - 0:52
PK3 Forward
1 - 0% - 60%
2 - 0% - 40%
PK3 Defense
1 - 0% - 60%
2 - 0% - 40%
44 Forward
1 - 0% - 60%
2 - 0% - 40%
44 Defense
1 - 0% - 60%
2 - 0% - 40%
Last Minute Offensive  - 0:00
Last Minute Defensive  - 0:00
Total
Forward - 60:00
Defense - 60:00

% Time on Ice - SEATTLE GRUNGE

Lines # - Real PCT - Wanted PCT - Time Play
Normal Forward
1 - 25% - 25% - 13:37
2 - 23% - 25% - 12:32
3 - 27% - 25% - 14:46
4 - 26% - 25% - 14:18
Normal Defense
1 - 34% - 34% - 19:02
2 - 34% - 33% - 18:33
3 - 31% - 33% - 17:16
4 - 1% - 0% - 0:22
PP Forward
1 - 84% - 55% - 1:32
2 - 16% - 45% - 0:18
PP Defense
1 - 25% - 55% - 0:28
2 - 75% - 45% - 1:22
PK Forward
1 - 79% - 55% - 2:19
2 - 21% - 45% - 0:38
PK Defense
1 - 66% - 55% - 1:57
2 - 34% - 45% - 1:00
PK3 Forward
1 - 0% - 55%
2 - 0% - 45%
PK3 Defense
1 - 0% - 55%
2 - 0% - 45%
44 Forward
1 - 0% - 55%
2 - 0% - 45%
44 Defense
1 - 0% - 55%
2 - 0% - 45%
Last Minute Offensive  - 0:00
Last Minute Defensive  - 0:00
Total
Forward - 60:00
Defense - 60:00

Play-by-Play

1st period


0:01 of 1st period - Jonathan Toews wins face-off versus Tyler Seguin in neutral zone.
0:08 of 1st period - Brian Dumoulin is hit by Tyler Seguin and loses puck.
1:53 of 1st period - Icing by Michael Frolik.
1:54 of 1st period - Chris Tierney wins face-off versus Pavel Zacha in SEATTLE GRUNGE zone.
2:00 of 1st period - Off-side.
2:01 of 1st period - Pavel Zacha wins face-off versus Oskar Sundqvist in neutral zone.
2:12 of 1st period - Shot by Oskar Sundqvist.
2:12 of 1st period - Goal by Oskar Sundqvist - PORTLAND PIRATES : 0 - SEATTLE GRUNGE : 1.
2:13 of 1st period - Jason Dickinson wins face-off versus Mike Sgarbossa in neutral zone.
2:24 of 1st period - Shot by Alex Chiasson.
2:24 of 1st period - Deflect By Jason Dickinson.
2:24 of 1st period - Goal by Jason Dickinson - PORTLAND PIRATES : 1 - SEATTLE GRUNGE : 1.
2:25 of 1st period - Pavel Zacha wins face-off versus Oskar Sundqvist in neutral zone.
2:39 of 1st period - Oskar Sundqvist is hit by Erik Burgdoerfer and loses puck.
2:48 of 1st period - Shot by Alex Chiasson.
2:48 of 1st period - Shot Misses the Net.
2:50 of 1st period - Shot by Brett Connolly.
2:50 of 1st period - Stopped by Carter Hutton without a rebound.
2:51 of 1st period - Eric Staal wins face-off versus Mike Sgarbossa in SEATTLE GRUNGE zone.
2:54 of 1st period - Shot by Yanni Gourde.
2:54 of 1st period - Shot Misses the Net.
3:05 of 1st period - Icing by Eric Staal.
3:06 of 1st period - Chris Tierney wins face-off versus Yanni Gourde in PORTLAND PIRATES zone.
3:25 of 1st period - Shot by Chris Tierney.
3:25 of 1st period - Shot Misses the Net.
3:27 of 1st period - Shot by Seth Jones.
3:27 of 1st period - Stopped by Henrik Lundqvist without a rebound.
3:28 of 1st period - Pavel Zacha wins face-off versus Zemgus Girgensons in PORTLAND PIRATES zone.
3:28 of 1st period - Thomas Chabot is hit by Mike Sgarbossa and loses puck.
5:08 of 1st period - Shot by Oskar Sundqvist.
5:08 of 1st period - Shot Misses the Net.
5:11 of 1st period - Icing by Travis Hamonic.
5:12 of 1st period - Chris Tierney wins face-off versus Jonathan Toews in PORTLAND PIRATES zone.
5:31 of 1st period - Shot by Michael Frolik.
5:31 of 1st period - Shot Blocked by Travis Hamonic.
5:33 of 1st period - Shot by Brandon Saad.
5:33 of 1st period - Shot Misses the Net.
5:48 of 1st period - Shot by Chris Tierney.
5:48 of 1st period - Shot Misses the Net.
5:50 of 1st period - Shot by Seth Jones.
5:50 of 1st period - Stopped by Henrik Lundqvist without a rebound.
5:51 of 1st period - Tyler Seguin wins face-off versus Eric Staal in PORTLAND PIRATES zone.
5:52 of 1st period - Shot by Jeff Skinner.
5:52 of 1st period - Shot Misses the Net.
6:32 of 1st period - Shot by Eric Staal.
6:32 of 1st period - Stopped by Carter Hutton with a rebound.
6:34 of 1st period - Shot by Yanni Gourde.
6:34 of 1st period - Deflect By Eric Staal.
6:34 of 1st period - Shot Blocked by Jeff Skinner.
6:58 of 1st period - Shot by Jason Dickinson.
6:58 of 1st period - Stopped by Carter Hutton without a rebound.
6:59 of 1st period - Zemgus Girgensons wins face-off versus Pavel Zacha in SEATTLE GRUNGE zone.
6:59 of 1st period - Zemgus Girgensons is hit by Brett Connolly.
7:19 of 1st period - Shot by Pavel Zacha.
7:19 of 1st period - Shot Blocked by Zemgus Girgensons.
8:02 of 1st period - Off-side.
8:03 of 1st period - Eric Staal wins face-off versus Oskar Sundqvist in neutral zone.
8:34 of 1st period - Shot by Oskar Sundqvist.
8:34 of 1st period - Shot Misses the Net.
8:36 of 1st period - Shot by Roman Josi.
8:36 of 1st period - Stopped by Henrik Lundqvist without a rebound.
8:37 of 1st period - Jonathan Toews wins face-off versus Michael Frolik in PORTLAND PIRATES zone.
9:02 of 1st period - Shot by Jonathan Toews.
9:02 of 1st period - Shot Misses the Net.
9:04 of 1st period - Shot by Jonathan Toews.
9:04 of 1st period - Shot Misses the Net.
9:06 of 1st period - Shot by Rasmus Ristolainen.
9:06 of 1st period - Goal by Rasmus Ristolainen - PORTLAND PIRATES : 2 - SEATTLE GRUNGE : 1.
9:07 of 1st period - Tyler Seguin wins face-off versus Pavel Zacha in neutral zone.
9:13 of 1st period - Icing by Rasmus Ristolainen.
9:14 of 1st period - Pavel Zacha wins face-off versus Oskar Sundqvist in PORTLAND PIRATES zone.
9:39 of 1st period - Shot by Brett Connolly.
9:39 of 1st period - Stopped by Carter Hutton without a rebound.
9:40 of 1st period - Chris Tierney wins face-off versus Eric Staal in SEATTLE GRUNGE zone.
9:40 of 1st period - Chris Tierney is hit by Eric Staal.
10:34 of 1st period - Icing by Damon Severson.
10:35 of 1st period - Alex Chiasson wins face-off versus Chris Tierney in SEATTLE GRUNGE zone.
11:08 of 1st period - Shot by Josh Bailey.
11:08 of 1st period - Deflect By Tyler Seguin.
11:08 of 1st period - Stopped by Henrik Lundqvist with a rebound.
11:10 of 1st period - Shot by Jeff Skinner.
11:10 of 1st period - Shot Misses the Net.
11:12 of 1st period - Shot by Travis Sanheim.
11:12 of 1st period - Shot Misses the Net.
12:03 of 1st period - Icing by Jonathan Toews.
12:04 of 1st period - Oskar Sundqvist wins face-off versus Jonathan Toews in PORTLAND PIRATES zone.
12:15 of 1st period - Shot by Travis Konecny.
12:15 of 1st period - Deflect By Jonathan Toews.
12:15 of 1st period - Shot Misses the Net.
12:17 of 1st period - Shot by Travis Konecny.
12:17 of 1st period - Stopped by Carter Hutton without a rebound.
12:18 of 1st period - Eric Staal wins face-off versus Zemgus Girgensons in SEATTLE GRUNGE zone.
12:21 of 1st period - Shot by Yanni Gourde.
12:21 of 1st period - Shot Misses the Net.
12:45 of 1st period - Shot by Zemgus Girgensons.
12:45 of 1st period - Shot Misses the Net.
13:53 of 1st period - Shot by Seth Jones.
13:53 of 1st period - Shot Misses the Net.
15:00 of 1st period - Shot by Rickard Rakell.
15:00 of 1st period - Shot Blocked by Jeff Skinner.
15:24 of 1st period - Shot by Rickard Rakell.
15:24 of 1st period - Stopped by Carter Hutton with a rebound.
15:28 of 1st period - Shot by Travis Konecny.
15:28 of 1st period - Shot Blocked by Travis Sanheim.
15:55 of 1st period - Icing by Josh Bailey.
15:56 of 1st period - Eric Staal wins face-off versus Tyler Seguin in SEATTLE GRUNGE zone.
16:47 of 1st period - Shot by Jason Dickinson.
16:47 of 1st period - Stopped by Carter Hutton without a rebound.
16:48 of 1st period - Rickard Rakell wins face-off versus Chris Tierney in SEATTLE GRUNGE zone.
16:48 of 1st period - Jonathan Toews is hit by Roman Josi and loses puck.
17:21 of 1st period - Shot by Michael Frolik.
17:21 of 1st period - Stopped by Henrik Lundqvist without a rebound.
17:22 of 1st period - Pavel Zacha wins face-off versus Zemgus Girgensons in PORTLAND PIRATES zone.
17:29 of 1st period - Damon Severson is hit by Brett Connolly and loses puck.
17:44 of 1st period - Shot by Pavel Zacha.
17:44 of 1st period - Shot Blocked by Rasmus Dahlin.
18:30 of 1st period - Shot by Oskar Sundqvist.
18:30 of 1st period - Stopped by Henrik Lundqvist without a rebound.
18:31 of 1st period - Jonathan Toews wins face-off versus Chris Tierney in PORTLAND PIRATES zone.
19:35 of 1st period - Icing by Rasmus Ristolainen.
19:36 of 1st period - Eric Staal wins face-off versus Oskar Sundqvist in PORTLAND PIRATES zone.
19:57 of 1st period - Shot by Mike Hoffman.
19:57 of 1st period - Shot Misses the Net.
Goals for this period are 2 for PORTLAND PIRATES vs 1 for SEATTLE GRUNGE.
Shots for this period are 9 for PORTLAND PIRATES vs 7 for SEATTLE GRUNGE.

2nd period


0:01 of 2nd period - Oskar Sundqvist wins face-off versus Pavel Zacha in neutral zone.
0:17 of 2nd period - Shot by Brett Connolly.
0:17 of 2nd period - Stopped by Carter Hutton without a rebound.
0:18 of 2nd period - Jonathan Toews wins face-off versus Zemgus Girgensons in SEATTLE GRUNGE zone.
0:45 of 2nd period - Shot by Travis Konecny.
0:45 of 2nd period - Stopped by Carter Hutton without a rebound.
0:46 of 2nd period - Oskar Sundqvist wins face-off versus Pavel Zacha in SEATTLE GRUNGE zone.
1:30 of 2nd period - Shot by Pavel Zacha.
1:30 of 2nd period - Shot Blocked by Travis Sanheim.
1:54 of 2nd period - Shot by Jonathan Toews.
1:54 of 2nd period - Stopped by Carter Hutton without a rebound.
1:55 of 2nd period - Chris Tierney wins face-off versus Eric Staal in SEATTLE GRUNGE zone.
2:18 of 2nd period - Shot by Eric Staal.
2:18 of 2nd period - Stopped by Carter Hutton without a rebound.
2:19 of 2nd period - Zemgus Girgensons wins face-off versus Jonathan Toews in SEATTLE GRUNGE zone.
2:24 of 2nd period - Rasmus Ristolainen is hit by Zemgus Girgensons and loses puck.
2:40 of 2nd period - Shot by Zemgus Girgensons.
2:40 of 2nd period - Shot Misses the Net.
3:49 of 2nd period - Off-side.
3:50 of 2nd period - Eric Staal wins face-off versus Chris Tierney in neutral zone.
4:20 of 2nd period - Icing by Roman Josi.
4:21 of 2nd period - Jonathan Toews wins face-off versus Chris Tierney in SEATTLE GRUNGE zone.
5:23 of 2nd period - Icing by Matthew Grzelcyk.
5:24 of 2nd period - Tyler Seguin wins face-off versus Eric Staal in SEATTLE GRUNGE zone.
6:54 of 2nd period - Shot by Oskar Sundqvist.
6:54 of 2nd period - Stopped by Henrik Lundqvist without a rebound.
6:55 of 2nd period - Chris Tierney wins face-off versus Jonathan Toews in PORTLAND PIRATES zone.
6:55 of 2nd period - Brandon Saad is hit by Brian Dumoulin and loses puck.
7:00 of 2nd period - Shot by Chris Tierney.
7:00 of 2nd period - Shot Misses the Net.
7:02 of 2nd period - Shot by Chris Tierney.
7:02 of 2nd period - Shot Misses the Net.
7:38 of 2nd period - Shot by Jonathan Toews.
7:38 of 2nd period - Shot Misses the Net.
7:53 of 2nd period - Icing by Rasmus Dahlin.
7:54 of 2nd period - Pavel Zacha wins face-off versus Chris Tierney in SEATTLE GRUNGE zone.
8:39 of 2nd period - Seth Jones is hit by Alex Chiasson and loses puck.
9:10 of 2nd period - Shot by Vladimir Sobotka.
9:10 of 2nd period - Stopped by Henrik Lundqvist with a rebound.
9:40 of 2nd period - Shot by Eric Staal.
9:40 of 2nd period - Stopped by Carter Hutton without a rebound.
9:41 of 2nd period - Jonathan Toews wins face-off versus Tyler Seguin in SEATTLE GRUNGE zone.
9:52 of 2nd period - Shot by Jeff Skinner.
9:52 of 2nd period - Shot Hit the Post.
9:58 of 2nd period - Shot by Jonathan Toews.
9:58 of 2nd period - Deflect By Travis Konecny.
9:58 of 2nd period - Stopped by Carter Hutton without a rebound.
9:59 of 2nd period - Chris Tierney wins face-off versus Eric Staal in SEATTLE GRUNGE zone.
10:22 of 2nd period - Shot by Roman Josi.
10:22 of 2nd period - Stopped by Henrik Lundqvist without a rebound.
10:23 of 2nd period - Jonathan Toews wins face-off versus Tyler Seguin in PORTLAND PIRATES zone.
11:23 of 2nd period - Matthew Grzelcyk is hit by Yanni Gourde and loses puck.
11:34 of 2nd period - Shot by Mike Hoffman.
11:34 of 2nd period - Deflect By Eric Staal.
11:34 of 2nd period - Stopped by Carter Hutton with a rebound.
11:44 of 2nd period - Shot by Eric Staal.
11:44 of 2nd period - Stopped by Carter Hutton without a rebound.
11:45 of 2nd period - Oskar Sundqvist wins face-off versus Jason Dickinson in SEATTLE GRUNGE zone.
11:54 of 2nd period - Shot by Oskar Sundqvist.
11:54 of 2nd period - Stopped by Henrik Lundqvist with a rebound.
12:02 of 2nd period - Shot by Jason Dickinson.
12:02 of 2nd period - Stopped by Carter Hutton without a rebound.
12:03 of 2nd period - Eric Staal wins face-off versus Zemgus Girgensons in SEATTLE GRUNGE zone.
12:09 of 2nd period - Icing by Rasmus Dahlin.
12:10 of 2nd period - Pavel Zacha wins face-off versus Zemgus Girgensons in SEATTLE GRUNGE zone.
12:10 of 2nd period - Pavel Zacha is hit by Rasmus Dahlin.
12:12 of 2nd period - Shot by Alex Chiasson.
12:12 of 2nd period - Deflect By Brett Connolly.
12:12 of 2nd period - Stopped by Carter Hutton without a rebound.
12:13 of 2nd period - Pavel Zacha wins face-off versus Zemgus Girgensons in SEATTLE GRUNGE zone.
12:13 of 2nd period - Pavel Zacha is hit by Seth Jones.
13:28 of 2nd period - Minor Penalty to Aaron Ness for Roughing.
13:29 of 2nd period - Tyler Seguin wins face-off versus Jason Dickinson in PORTLAND PIRATES zone.
13:30 of 2nd period - Shot by Jeff Skinner.
13:30 of 2nd period - Stopped by Henrik Lundqvist without a rebound.
13:31 of 2nd period - Tyler Seguin wins face-off versus Jason Dickinson in PORTLAND PIRATES zone.
13:59 of 2nd period - Shot by Jeff Skinner.
13:59 of 2nd period - Shot Misses the Net.
14:01 of 2nd period - Shot by Jeff Skinner.
14:01 of 2nd period - Goal by Jeff Skinner - PORTLAND PIRATES : 2 - SEATTLE GRUNGE : 2.
14:02 of 2nd period - Jonathan Toews wins face-off versus Chris Tierney in neutral zone.
14:17 of 2nd period - Shot by Rickard Rakell.
14:17 of 2nd period - Deflect By Jonathan Toews.
14:17 of 2nd period - Shot Misses the Net.
14:51 of 2nd period - Off-side.
14:52 of 2nd period - Oskar Sundqvist wins face-off versus Eric Staal in neutral zone.
15:18 of 2nd period - Minor Penalty to Steve Bernier for Tripping.
15:19 of 2nd period - Eric Staal wins face-off versus Michael Frolik in SEATTLE GRUNGE zone.
16:00 of 2nd period - Shot by Eric Staal.
16:00 of 2nd period - Stopped by Carter Hutton without a rebound.
16:01 of 2nd period - Jonathan Toews wins face-off versus Chris Tierney in SEATTLE GRUNGE zone.
16:04 of 2nd period - Shot by Travis Konecny.
16:04 of 2nd period - Deflect By Jonathan Toews.
16:04 of 2nd period - Shot Blocked by Damon Severson.
16:14 of 2nd period - Shot by Travis Konecny.
16:14 of 2nd period - Shot Misses the Net.
16:16 of 2nd period - Shot by Travis Konecny.
16:16 of 2nd period - Goal by Travis Konecny - PORTLAND PIRATES : 3 - SEATTLE GRUNGE : 2.
16:17 of 2nd period - Jason Dickinson wins face-off versus Zemgus Girgensons in neutral zone.
16:28 of 2nd period - Shot by Jason Dickinson.
16:28 of 2nd period - Shot Misses the Net.
16:40 of 2nd period - Shot by Alex Chiasson.
16:40 of 2nd period - Shot Misses the Net.
16:48 of 2nd period - Shot by Damon Severson.
16:48 of 2nd period - Shot Hit the Post.
17:26 of 2nd period - Shot by Tyler Seguin.
17:26 of 2nd period - Goal by Tyler Seguin - PORTLAND PIRATES : 3 - SEATTLE GRUNGE : 3.
17:27 of 2nd period - Oskar Sundqvist wins face-off versus Eric Staal in neutral zone.
17:27 of 2nd period - Roman Josi is hit by Yanni Gourde and loses puck.
17:45 of 2nd period - Vladimir Sobotka is hit by Rasmus Ristolainen and loses puck.
17:53 of 2nd period - Minor Penalty to Rasmus Ristolainen for Interference.
17:54 of 2nd period - Jason Dickinson wins face-off versus Jeff Skinner in PORTLAND PIRATES zone.
18:03 of 2nd period - Shot by Roman Josi.
18:03 of 2nd period - Stopped by Henrik Lundqvist without a rebound.
18:04 of 2nd period - Jason Dickinson wins face-off versus Tyler Seguin in PORTLAND PIRATES zone.
18:04 of 2nd period - Jason Dickinson is hit by Tyler Seguin.
19:00 of 2nd period - Shot by Roman Josi.
19:00 of 2nd period - Stopped by Henrik Lundqvist without a rebound.
19:01 of 2nd period - Chris Tierney wins face-off versus Eric Staal in PORTLAND PIRATES zone.
19:08 of 2nd period - Shot by Seth Jones.
19:08 of 2nd period - Shot Misses the Net.
19:10 of 2nd period - Shot by Michael Frolik.
19:10 of 2nd period - Goal by Michael Frolik - PORTLAND PIRATES : 3 - SEATTLE GRUNGE : 4.
19:11 of 2nd period - Zemgus Girgensons wins face-off versus Pavel Zacha in neutral zone.
19:20 of 2nd period - Shot by Zemgus Girgensons.
19:20 of 2nd period - Deflect By Mike Sgarbossa.
19:20 of 2nd period - Stopped by Henrik Lundqvist without a rebound.
19:21 of 2nd period - Jonathan Toews wins face-off versus Chris Tierney in PORTLAND PIRATES zone.
19:58 of 2nd period - Shot by Jonathan Toews.
19:58 of 2nd period - Stopped by Carter Hutton without a rebound.
19:59 of 2nd period - Tyler Seguin wins face-off versus Pavel Zacha in SEATTLE GRUNGE zone.
Goals for this period are 1 for PORTLAND PIRATES vs 3 for SEATTLE GRUNGE.
Shots for this period are 13 for PORTLAND PIRATES vs 11 for SEATTLE GRUNGE.

3rd period


0:01 of 3rd period - Pavel Zacha wins face-off versus Tyler Seguin in neutral zone.
0:03 of 3rd period - Off-side.
0:04 of 3rd period - Pavel Zacha wins face-off versus Tyler Seguin in neutral zone.
0:47 of 3rd period - Shot by Alex Chiasson.
0:47 of 3rd period - Shot Blocked by Matthew Grzelcyk.
1:18 of 3rd period - Icing by Rasmus Dahlin.
1:19 of 3rd period - Oskar Sundqvist wins face-off versus Jonathan Toews in SEATTLE GRUNGE zone.
2:01 of 3rd period - Shot by Jonathan Toews.
2:01 of 3rd period - Shot Misses the Net.
2:03 of 3rd period - Shot by Travis Konecny.
2:03 of 3rd period - Stopped by Carter Hutton with a rebound.
2:05 of 3rd period - Shot by Travis Konecny.
2:05 of 3rd period - Goal by Travis Konecny - PORTLAND PIRATES : 4 - SEATTLE GRUNGE : 4.
2:06 of 3rd period - Eric Staal wins face-off versus Chris Tierney in neutral zone.
2:39 of 3rd period - Chris Tierney is hit by Brian Dumoulin and loses puck.
2:48 of 3rd period - Shot by Eric Staal.
2:48 of 3rd period - Goal by Eric Staal - PORTLAND PIRATES : 5 - SEATTLE GRUNGE : 4.
2:49 of 3rd period - Pavel Zacha wins face-off versus Zemgus Girgensons in neutral zone.
2:54 of 3rd period - Shot by Pavel Zacha.
2:54 of 3rd period - Stopped by Carter Hutton with a rebound.
3:18 of 3rd period - Shot by Alex Chiasson.
3:18 of 3rd period - Stopped by Carter Hutton without a rebound.
3:19 of 3rd period - Tyler Seguin wins face-off versus Rickard Rakell in SEATTLE GRUNGE zone.
3:54 of 3rd period - Shot by Rickard Rakell.
3:54 of 3rd period - Shot Blocked by Rasmus Dahlin.
4:00 of 3rd period - Shot by Jonathan Toews.
4:00 of 3rd period - Stopped by Carter Hutton without a rebound.
4:01 of 3rd period - Steve Bernier wins face-off versus Brett Connolly in SEATTLE GRUNGE zone.
4:49 of 3rd period - Off-side.
4:50 of 3rd period - Eric Staal wins face-off versus Zemgus Girgensons in neutral zone.
5:17 of 3rd period - Shot by Zemgus Girgensons.
5:17 of 3rd period - Shot Hit the Post.
5:19 of 3rd period - Shot by Seth Jones.
5:19 of 3rd period - Stopped by Henrik Lundqvist without a rebound.
5:20 of 3rd period - Jonathan Toews wins face-off versus Chris Tierney in PORTLAND PIRATES zone.
5:48 of 3rd period - Shot by Brandon Saad.
5:48 of 3rd period - Goal by Brandon Saad - PORTLAND PIRATES : 5 - SEATTLE GRUNGE : 5.
5:49 of 3rd period - Pavel Zacha wins face-off versus Tyler Seguin in neutral zone.
5:53 of 3rd period - Thomas Chabot is hit by Travis Sanheim and loses puck.
7:59 of 3rd period - Shot by Jonathan Toews.
7:59 of 3rd period - Shot Misses the Net.
8:10 of 3rd period - Shot by Chris Tierney.
8:10 of 3rd period - Shot Misses the Net.
8:12 of 3rd period - Shot by Brandon Saad.
8:12 of 3rd period - Deflect By Chris Tierney.
8:12 of 3rd period - Stopped by Henrik Lundqvist without a rebound.
8:13 of 3rd period - Oskar Sundqvist wins face-off versus Alex Chiasson in PORTLAND PIRATES zone.
8:36 of 3rd period - Shot by Oskar Sundqvist.
8:36 of 3rd period - Stopped by Henrik Lundqvist without a rebound.
8:37 of 3rd period - Eric Staal wins face-off versus Tyler Seguin in PORTLAND PIRATES zone.
9:01 of 3rd period - Icing by Roman Josi.
9:02 of 3rd period - Pavel Zacha wins face-off versus Tyler Seguin in SEATTLE GRUNGE zone.
10:50 of 3rd period - Shot by Oskar Sundqvist.
10:50 of 3rd period - Goal by Oskar Sundqvist - PORTLAND PIRATES : 5 - SEATTLE GRUNGE : 6.
10:51 of 3rd period - Jonathan Toews wins face-off versus Chris Tierney in neutral zone.
11:17 of 3rd period - Off-side.
11:18 of 3rd period - Zemgus Girgensons wins face-off versus Jason Dickinson in neutral zone.
13:24 of 3rd period - Shot by Jonathan Toews.
13:24 of 3rd period - Goal by Jonathan Toews - PORTLAND PIRATES : 6 - SEATTLE GRUNGE : 6.
13:25 of 3rd period - Tyler Seguin wins face-off versus Travis Konecny in neutral zone.
13:27 of 3rd period - Off-side.
13:28 of 3rd period - Zemgus Girgensons wins face-off versus Rickard Rakell in neutral zone.
14:40 of 3rd period - Shot by Brandon Saad.
14:40 of 3rd period - Stopped by Henrik Lundqvist without a rebound.
14:41 of 3rd period - Oskar Sundqvist wins face-off versus Eric Staal in PORTLAND PIRATES zone.
15:04 of 3rd period - Shot by Mike Hoffman.
15:04 of 3rd period - Shot Misses the Net.
15:06 of 3rd period - Shot by Yanni Gourde.
15:06 of 3rd period - Shot Misses the Net.
15:08 of 3rd period - Shot by Rasmus Ristolainen.
15:08 of 3rd period - Shot Misses the Net.
15:09 of 3rd period - Minor Penalty to Seth Jones for Tripping.
15:10 of 3rd period - Eric Staal wins face-off versus Michael Frolik in SEATTLE GRUNGE zone.
15:11 of 3rd period - Shot by Rickard Rakell.
15:11 of 3rd period - Shot Blocked by Michael Frolik.
15:13 of 3rd period - Shot by Rickard Rakell.
15:13 of 3rd period - Shot Misses the Net.
15:25 of 3rd period - Shot by Eric Staal.
15:25 of 3rd period - Shot Blocked by Michael Frolik.
15:31 of 3rd period - Shot by Brett Connolly.
15:31 of 3rd period - Stopped by Carter Hutton without a rebound.
15:32 of 3rd period - Jonathan Toews wins face-off versus Michael Frolik in SEATTLE GRUNGE zone.
16:56 of 3rd period - Shot by Rickard Rakell.
16:56 of 3rd period - Shot Blocked by Travis Sanheim.
16:58 of 3rd period - Shot by Eric Staal.
16:58 of 3rd period - Shot Misses the Net.
17:00 of 3rd period - Shot by Rickard Rakell.
17:00 of 3rd period - Shot Misses the Net.
17:02 of 3rd period - Shot by Alex Chiasson.
17:02 of 3rd period - Shot Misses the Net.
17:04 of 3rd period - Shot by Rasmus Ristolainen.
17:04 of 3rd period - Stopped by Carter Hutton without a rebound.
17:05 of 3rd period - Jonathan Toews wins face-off versus Chris Tierney in SEATTLE GRUNGE zone.
17:40 of 3rd period - Shot by Oskar Sundqvist.
17:40 of 3rd period - Shot Misses the Net.
18:04 of 3rd period - Thomas Chabot is hit by Rasmus Dahlin and loses puck.
18:18 of 3rd period - Thomas Chabot is hit by Damon Severson and loses puck.
19:08 of 3rd period - Icing by Seth Jones.
19:09 of 3rd period - Jonathan Toews wins face-off versus Zemgus Girgensons in SEATTLE GRUNGE zone.
19:16 of 3rd period - Shot by Travis Konecny.
19:16 of 3rd period - Stopped by Carter Hutton with a rebound.
Goals for this period are 3 for PORTLAND PIRATES vs 2 for SEATTLE GRUNGE.
Shots for this period are 10 for PORTLAND PIRATES vs 6 for SEATTLE GRUNGE.

Overtime #1


0:01 of 1st overtime period - Chris Tierney wins face-off versus Jonathan Toews in neutral zone.
0:33 of 1st overtime period - Shot by Eric Staal.
0:33 of 1st overtime period - Deflect By Jonathan Toews.
0:33 of 1st overtime period - Shot Misses the Net.
0:35 of 1st overtime period - Shot by Thomas Chabot.
0:35 of 1st overtime period - Goal by Thomas Chabot - PORTLAND PIRATES : 7 - SEATTLE GRUNGE : 6.
Goals for this period are 1 for PORTLAND PIRATES vs 0 for SEATTLE GRUNGE.
Shots for this period are 1 for PORTLAND PIRATES vs 0 for SEATTLE GRUNGE.


AUSTON
MATTHEWS
JOEL
ERIKSSON
MATHEW
BARZAL

EAST COAST

HOCKEY LEAGUE

  • 21.PIT7MAN3
  • 22.ATL3NHW4
  • 23.WOR5PET4
  • 24.3RHI4
  • 25.QUECHI
  • 26.CHALIM
  • 27.TRVLON
  • 28.CHWBAL